 Dungeon Crawl Stone Soup version 0.18.1-50-g88ac8fd (webtiles) character file.

1938 Chokestomp the Poker (level 9, -5/69 HPs)
             Began as a Human Berserker on Oct 29, 2016.
             Was a Priest of Trog.
             Slain by a manticore (9 damage)
             ... on level 11 of the Dungeon.
             The game lasted 00:34:14 (4069 turns).

Chokestomp the Poker (Human Berserker)              Turns: 4069, Time: 00:34:14

Health: -5/69      AC: 14    Str: 18    XL:     9   Next: 40%
Magic:  9/9        EV:  7    Int: 11    God:    Trog [***...]
Gold:   210        SH:  0    Dex: 15    Spells: 0 memorised, 8 levels left

rFire  + . .     SeeInvis .     i - +1 spear (venom)
rCold  + . .     Gourm    .     m - +0 plate armour
rNeg   . . .     Faith    .     (no shield)
rPois  +         Spirit   .     (no helmet)
rElec  +         Dismiss  +     f - +0 cloak
rCorr  +         Reflect  .     (no gloves)
SustAt .         Harm     .     (no boots)
MR     .....                    w - amulet of dismissal
Stlth  ..........               k - +3 ring of intelligence
                                e - ring of flight

@: resistant, manticore barbs, flying, not resistant to hostile enchantments,
extremely unstealthy
A: no striking features
a: Berserk, Trog's Hand, Burn Spellbooks, Renounce Religion


You were on level 11 of the Dungeon.
You worshipped Trog.
Trog was most pleased with you.
You were not hungry.

You visited 1 branch of the dungeon, and saw 11 of its levels.

You collected 210 gold pieces.

Inventory:

Hand Weapons
 a - a +0 spear
 c - a +2 whip of freezing
 g - a +0 hunting sling
 i - a +1 spear of venom (weapon)
 t - a +0 scythe
Missiles
 d - 12 bolts
 l - 32 stones (quivered)
 x - 6 javelins
Armour
 b - a +0 animal skin
 f - a +0 cloak (worn)
 m - a +0 plate armour (worn)
Jewellery
 e - a ring of flight (left hand)
 k - a +3 ring of intelligence (right hand)
 w - an amulet of dismissal (around neck)
Wands
 u - a wand of disintegration (13/24)
 E - a wand of polymorph (16/24)
Scrolls
 h - 3 scrolls of identify {unknown}
 j - 3 scrolls of magic mapping {unknown}
 o - 2 scrolls of fear {unknown}
 p - a scroll of enchant armour {unknown}
 q - a scroll of random uselessness {unknown}
 r - a scroll of teleportation {unknown}
 s - 2 scrolls of amnesia {unknown}
 A - 2 scrolls of immolation {unknown}
 D - a scroll of noise {unknown}
Potions
 v - 2 potions of haste {unknown}
 H - a potion of lignification {unknown}
Books
 y - a Fen Folio

   Spells                             Type                      Level
   a - Corpse Rot                     Necromancy                   2
   b - Stone Arrow                    Conjuration/Earth            3
   c - Leda's Liquefaction            Hexes/Earth                  4
   d - Summon Forest                  Summoning/Translocation      5
   e - Hydra Form                     Transmutation                6
   f - Summon Hydra                   Summoning                    7
   Trog disapproves of the use of such an item.
 F - a Necronomicon

   Spells                             Type                      Level
   a - Haunt                          Necromancy/Summoning         7
   b - Borgnjor's Revivification      Necromancy                   8
   c - Death's Door                   Charms/Necromancy            8
   d - Necromutation                  Transmutation/Necromancy     8
   Trog disapproves of the use of such an item.
Comestibles
 B - a beef jerky
 G - a bread ration
 I - 4 fruits


   Skills:
 + Level 6.1 Fighting
 + Level 7.3 Polearms
 + Level 6.7 Armour
 + Level 4.0 Dodging
 + Level 2.9 Stealth


You had 8 spell levels left.
You didn't know any spells.

Dungeon Overview and Level Annotations

Branches:
Dungeon (11/15)
 Temple: D:4-7         Lair: D:8-11         Orc: D:9-12

Altars:
Ru
Sif Muna
Yredelemnul

Shops:
D:10 [

Annotations:
D:4 lokibrotherofthor's ghost, weakling TrMo
D:8 recordrepeat's ghost, novice HOFi


Message History

The manticore bites you.
* * * LOW HITPOINT WARNING * * *
The manticore closely misses you. The manticore claws you.
* * * LOW HITPOINT WARNING * * *
You hit the manticore but do no damage.
The manticore is lightly wounded.
The manticore closely misses you.
The manticore claws you but does no damage. x2
You hit the manticore.
The manticore is moderately wounded.
You hit the manticore.
The manticore is moderately wounded.
The manticore closely misses you. The manticore barely misses you.
The manticore misses you.
You barely miss the manticore.
The manticore is moderately wounded.
The manticore bites you!
* * * LOW HITPOINT WARNING * * *
The manticore claws you!
You die...

.......## ####### #.
# .......#
###........ #
.......##
#.......... #
#...###.#
##.......... # ####
#.# #........... #
#.#####........... #
###.....#...........
#
#...###.............
# ##...#
###...@....... #
#...## ##..H.......
#...# #..........
#..## ##.........
#..# #......... #.##
#......... ##.#
##........ ##.##
##......# ##..#


You could see a manticore.

Vanquished Creatures
  Pikel (D:4)
  A troll (D:10)
  Sigmund (D:2)
  A sky beast (D:6)
  A phantom (D:11)
  A black bear (D:4)
  A centaur (D:7)
  An ogre (D:4)
  A crocodile (D:7)
  2 giant frogs
  2 scorpions
  2 crimson imps
  A hound (D:7)
  3 orc wizards (D:10)
  An iguana (D:7)
  4 worker ants
  A hound skeleton (D:4)
  5 adders
  A shadow imp (D:8)
  An ooze (D:2)
  An adder skeleton (D:4)
  A worm (D:3)
  2 dart slugs
  2 giant geckos
  An orc (D:10)
  A ball python (D:1)
  6 bats
  4 giant cockroaches
  9 goblins
  6 hobgoblins
  3 jackals (D:3)
  5 kobolds
  A quokka (D:3)
  4 giant newts
  4 rats
  A fungus (D:1)
83 creatures vanquished.

Vanquished Creatures (others)
  4 gnolls (D:4)
  A goblin (D:4)
  A hobgoblin (D:4)
  A giant gecko skeleton (D:4)
7 creatures vanquished.

Grand Total: 90 creatures vanquished

Notes
Turn   | Place    | Note
--------------------------------------------------------------
     0 | D:1      | Chokestomp the Human Berserker began the quest for the Orb.
     0 | D:1      | Reached XP level 1. HP: 18/18 MP: 1/1
   259 | D:1      | Reached XP level 2. HP: 21/24 MP: 2/2
   559 | D:1      | Reached ** piety under Trog
   559 | D:1      | Reached XP level 3. HP: 29/29 MP: 3/3
   695 | D:2      | Noticed Sigmund
   720 | D:2      | Killed Sigmund
   720 | D:2      | Reached skill level 4 in Polearms
   720 | D:2      | Reached XP level 4. HP: 9/37 MP: 4/4
   720 | D:2      | Reached XP level 5. HP: 10/42 MP: 5/5
   739 | D:2      | Reached XP level 6. HP: 12/48 MP: 6/6
   920 | D:2      | Found a deep blue altar of Sif Muna.
  1614 | D:4      | Reached *** piety under Trog
  1726 | D:4      | Found a sacrificial altar of Ru.
  1742 | D:4      | Noticed a slave
  1743 | D:4      | Noticed a slave
  1743 | D:4      | Noticed a slave
  1745 | D:4      | Noticed a slave
  1748 | D:4      | Noticed Pikel
  1749 | D:4      | Noticed an ogre
  1771 | D:4      | Noticed a black bear
  1783 | D:4      | Killed Pikel
  1783 | D:4      | Reached skill level 5 in Polearms
  1783 | D:4      | Reached skill level 1 in Stealth
  1783 | D:4      | Reached XP level 7. HP: 13/55 MP: 7/7
  1783 | D:4      | Reached XP level 8. HP: 14/61 MP: 8/8
  1793 | D:4      | Reached skill level 5 in Fighting
  1904 | D:4      | Noticed lokibrotherofthor's ghost (weakling TrMo)
  1975 | D:4      | HP: 1/62 [lokibrotherofthor's ghost (4)]
  1987 | D:5      | Entered Level 5 of the Dungeon
  2402 | D:6      | Reached skill level 6 in Polearms
  2407 | D:6      | Reached skill level 5 in Armour
  2886 | D:7      | Found a basalt altar of Yredelemnul.
  2925 | D:7      | HP: 1/63 [crocodile (4)]
  3313 | D:7      | Reached XP level 9. HP: 59/69 MP: 9/9
  3447 | D:8      | Noticed recordrepeat's ghost (novice HOFi)
  3477 | D:10     | Entered Level 10 of the Dungeon
  3676 | D:10     | Found Nycralau's Armour Boutique.
  3766 | D:10     | Noticed a troll
  3786 | D:10     | Killed a troll
  3786 | D:10     | Reached skill level 7 in Polearms
  4052 | D:11     | Noticed a manticore
  4069 | D:11     | Slain by a manticore

Skill      XL: |  1  2  3  4  5  6  7  8  9 |
---------------+----------------------------+-----
Fighting       | 4 5 6 |  6.1
Polearms       | 4 5 6 7 |  7.3
Armour         | 4 5 6 |  6.7
Dodging        | 3 4 |  4.0
Stealth        | 1 2 |  2.9

Action                   |  1- 3 |  4- 6 |  7- 9 || total
-------------------------+-------+-------+-------++-------
Melee: Spear             |    87 |   134 |   202 ||   423
  Use: Potion            |       |     3 |     5 ||     8
       Scroll            |       |       |     1 ||     1
 Stab: Sleeping          |     1 |       |       ||     1
       Distracted        |       |       |     2 ||     2
  Eat: Bread ration      |       |     1 |       ||     1
       Beef jerky        |       |     1 |       ||     1
       Meat ration       |       |       |     1 ||     1
Armor: Animal skin       |     6 |       |       ||     6
       Plate armour      |    15 |    88 |   107 ||   210
Dodge: Dodged            |    23 |    34 |    46 ||   103
